 Dungeon Crawl Stone Soup version 0.30.0-20-g3615ddf2f0 (webtiles) character file.

Game seed: 7337189785719526904

23 qw the Shield-Bearer (level 3, -2/23 HPs)
             Began as a Gargoyle Fighter on June 1, 2023.
             Slain by a hobgoblin
             ... wielding a +4 spear
              (6 damage)
             ... on level 2 of the Dungeon.
             The game lasted 00:00:23 (1166 turns).

qw the Shield-Bearer (Gargoyle Fighter)             Turns: 1166, Time: 00:00:23

Health: -2/23      AC: 10    Str: 21    XL:     3   Next: 0%
Magic:  3/3        EV:  9    Int:  8    God:
Gold:   47         SH:  4    Dex:  9    Spells: 2/2 levels left

rFire   . . .        Y - +1 war axe
rCold   . . .        c - +0 buckler
rNeg    + . .        b - +0 scale mail
rPois   inf          (no helmet)
rElec   +            (no cloak)
rCorr   .            (no gloves)
SInv    .            (no boots)
Will    .....        (no amulet) Stlth
                     (no ring)
HPRegen 0.23/turn    (no ring)
MPRegen 0.08/turn

%: no passive effects
@: no status effects
A: sickness immunity, AC +3, negative energy resistance 1, electricity
resistance, torment resistance 1, petrification resistance
a: no special abilities


You were on level 2 of the Dungeon.
You visited 1 branch of the dungeon, and saw 2 of its levels.

You collected 47 gold pieces.


Innate Abilities, Weirdness & Mutations

You are immune to sickness and miasma.
Your stone body is resilient. (AC +3)
You are immune to poison.
You resist negative energy. (rN+)
You are resistant to electric shocks. (rElec)
You are resistant to unholy torment.
You are immune to petrification.


   Skills:
 - Level 3.2 Fighting
 + Level 3.0 Axes
 - Level 3.2 Armour
 - Level 3.2 Shields


You had 2 spell levels left.
You didn't know any spells.
Your spell library was empty.

Inventory:

Hand Weapons
 g - a +0 club
 Y - a +1 war axe (weapon)
Armour
 b - a +0 scale mail (worn)
 c - a +0 buckler (worn)
 i - a +0 pair of boots
 m - a +0 kite shield
Scrolls
 a - 4 scrolls of identify
 h - 2 scrolls of poison {unknown}
 k - a scroll of fear {unknown}
Potions
 d - a potion of might
 e - a potion of lignification
 f - 3 potions of heal wounds {unknown}
 j - a potion of haste {unknown}
 l - a potion of brilliance {unknown}

Dungeon Overview and Level Annotations

Branches:
Dungeon (2/15)

Altars:


Message History

Enter note:
Enter note:
Enter note:
Enter note:
m - a +0 kite shield A hobgoblin comes into view.
It is wielding a +4 spear.
Enter note:
Enter note:
Enter note:
Enter note:
1155 ||| Stepping ~*~*~tactically~*~*~ (stealth).
Enter note:
Enter note:
Enter note:
Enter note: The hobgoblin shouts!
Enter note:
Enter note:
Enter note:
Enter note:
1158 ||| Stepping ~*~*~tactically~*~*~ (hiding).
Enter note:
Enter note:
Enter note:
Enter note: You start waiting.
A hobgoblin is nearby!
The hobgoblin hits you from afar with a +4 spear!
The hobgoblin hits you with a +4 spear.
Enter note:
Enter note:
Enter note:
Enter note: You barely miss the hobgoblin.
The hobgoblin hits you with a +4 spear. The hobgoblin hits you with a +4 spear!
You barely miss the hobgoblin.
The hobgoblin hits you but does no damage.
You closely miss the hobgoblin. The hobgoblin hits you with a +4 spear.
You die...

#.#..#..# ##..........# #
#.#..#..###...#.##.#.## #
#.#...........#.##.### #
#..................########
#
#.##.#..####...............
# ##
#.##.#..####..###..#######.
# .## #.##.#.............#
# ..###.##....####..###..#
................@..##..#
............#.##g#.##..#
....######... ........#
..#.# #.# ####.##.## .##.#
# .##.# .# ###.# ##.# .# #
#.# .# ###.###### #.#
.........# #########.#


You could see a hobgoblin.

Vanquished Creatures
  An adder (D:2)
  3 bats
  An endoplasm (D:1)
  A giant cockroach (D:1)
  A hobgoblin (D:1)
  2 quokkas
  A ball python (D:2)
  A frilled lizard (D:2)
  2 kobolds (D:1)
  3 rats
16 creatures vanquished.

Notes
Turn   | Place    | Note
-------+----------+-------------------------------------------
     0 | D:1      | qw the Gargoyle Fighter began the quest for the Orb.
     0 | D:1      | Reached XP level 1. HP: 14/14 MP: 1/1
     0 | D:1      | 0 ||| qw: Version: 0.2-a-102-gdf20003
     0 | D:1      | 0 ||| qw: Game counter: 731
     0 | D:1      | 0 ||| qw: Always use a shield: true
     0 | D:1      | 0 ||| qw: God list: Okawaru
     0 | D:1      | 0 ||| qw: Allow faded altars: false
     0 | D:1      | 0 ||| qw: Do Orc after D:15 true
     0 | D:1      | 0 ||| qw: Do second Lair branch before Depths: true
     0 | D:1      | 0 ||| qw: Lair rune preference: random
     0 | D:1      | 0 ||| qw: Plans: Normal, Zot:1-4, Slime:5, God:TSO, Crypt,
                  | Tomb, Pan, Hells, Abyss, Win
     0 | D:1      | 0 ||| PLANNING D:1-11
   102 | D:1      | 102 ||| Stepping ~*~*~tactically~*~*~ (stealth).
   323 | D:1      | Reached XP level 2. HP: 18/19 MP: 2/2
   734 | D:1      | 734 ||| DROPPING ring of wizardry.
   735 | D:1      | 735 ||| READING 5 scrolls labelled UZASHR GOFUMU.
   736 | D:1      | 736 ||| READING scroll labelled WUS FALEGROBE.
   737 | D:1      | 737 ||| READING 4 scrolls of identify.
   737 | D:1      | 737 ||| IDENTIFYING metallic purple potion
   858 | D:2      | Reached skill level 3 in Axes
  1037 | D:2      | Reached XP level 3. HP: 23/23 MP: 3/3
  1155 | D:2      | 1155 ||| Stepping ~*~*~tactically~*~*~ (stealth).
  1158 | D:2      | 1158 ||| Stepping ~*~*~tactically~*~*~ (hiding).
  1164 | D:2      | HP: 3/23 [hobgoblin/+4 spear (8)]
  1166 | D:2      | Slain by a hobgoblin

Levels and vault maps discovered:
D:1:      evilmike_arrival_hilbert_curve, layout_loops_ring
D:2:      layout_loops_ring, minmay_tiny_reverse_x

Skill      XL: |  1  2 |
---------------+-------+-----
Axes           | 2 3 |  3.0
Fighting       | |  3.2
Armour         | |  3.2
Shields        | |  3.2

Action                     || total
---------------------------++-------
  Melee: War axe           ||    56
    Use: Scroll            ||     3
 Armour: Scale mail        ||    26
  Dodge: Dodged            ||    26
  Block: Buckler           ||    11

Table legend:
 A = Non-vault XP
 B = Vault XP
 C = Vault XP percentage of total XP
 D = Non-vault monster count
 E = Vault monster count
 F = Vault count percentage of total count
                 A         B        C        D         E       F
            +---------+---------+-------+---------+---------+-------
      Total |      31 |       3 |   8.8 |      14 |       2 |  12.5
            +---------+---------+-------+---------+---------+-------
        D:1 |      15 |       0 |   0.0 |      10 |       0 |   0.0
        D:2 |      16 |       3 |  15.8 |       4 |       2 |  33.3
            +---------+---------+-------+---------+---------+-------
